[Event "Titled Tuesday Blitz November 22 Early 2022"]
[White "Goltsev, Dmitry"]
[Black "Yurovskykh, Oleksandr"]
[WhiteFideId "24176710"]
[BlackFideId "14134020"]
[WhiteElo "2289"]
[BlackElo "2265"]
[Result "0-1"]
[Round "08"]
[TimeControl "180+1"]
[Date "2022.11.23"]
[WhiteClock "0:00:53"]
[BlackClock "0:00:19"]

1. e4 d5 2. exd5 Qxd5 3. Nf3 Bg4 4. Nc3 Qe6+ 5. Be2 Bxf3 6. gxf3 c6 7. d4 Nf6 8. O-O Qh3 9. Re1 e6 10. Bf1 Qh4 11. Ne4 Nbd7 12. c3 h6 13. Bg2 Be7 14. Qb3 Rb8 15. Qa4 a6 16. d5 Nxd5 17. Nd6+ Kf8 18. Re4 Qf6 19. Nxb7 Rxb7 20. Qxc6 Rc7 21. Qxa6 g5 22. Be3 Kg7 23. Rd1 Nc5 24. Bxc5 Bxc5 25. c4 Nf4 26. b4 Bxb4 27. Qb6 Qe7 28. a4 Bc5 29. Qb2+ f6 30. a5 Ra8 31. Qb5 Ba7 32. Bf1 Rf8 33. a6 Qc5 34. Qb2 Rff7 35. Rd8 Rfd7 36. Re8 Rd1 37. h4 Rcd7 38. h5 Rxf1+ 39. Kxf1 Rd1+ 40. Re1 Rxe1+ 41. Kxe1 Nd3+ 42. Ke2 Nxb2 43. Re7+ Qxe7 44. f4 Qc5 45. Kf3 Qxf2+ 46. Kg4 Qg2# 0-1


[Site "https://www.chess.com"]

[Event "Titled Tuesday Blitz November 22 Early 2022"]
[White "Goltseva, Ekaterina"]
[Black "Levitan, Caleb Levi"]
[WhiteFideId "24173770"]
[BlackFideId "14332620"]
[WhiteElo "2200"]
[BlackElo "1963"]
[Result "1-0"]
[Round "08"]
[TimeControl "180+1"]
[Date "2022.11.23"]
[WhiteClock "0:01:06"]
[BlackClock "0:00:01"]

1. d4 Nf6 2. c4 e6 3. Nc3 Bb4 4. Qc2 O-O 5. Nf3 d5 6. g3 dxc4 7. Bg2 c5 8. dxc5 Bxc5 9. O-O a6 10. Bg5 Nbd7 11. Ne4 Be7 12. Qxc4 b5 13. Nxf6+ Bxf6 14. Qe4 Rb8 15. Bf4 Bb7 16. Qd3 Nc5 17. Qa3 Rc8 18. Rad1 Qb6 19. Rd6 Qa7 20. Be3 Be7 21. Rfd1 Bxd6 22. Rxd6 b4 23. Qxb4 Bxf3 24. Bxf3 Qc7 25. Rc6 Qd7 26. Rxc5 1-0


[Site "https://www.chess.com"]

[Event "Titled Tuesday Blitz November 22 Early 2022"]
[White "Goncalves, Davi Sulzbacher"]
[Black "Bon, Michael"]
[WhiteFideId "2154510"]
[BlackFideId "620696"]
[WhiteElo "2182"]
[BlackElo "2355"]
[Result "0-1"]
[Round "08"]
[TimeControl "180+1"]
[Date "2022.11.23"]
[WhiteClock "0:00:43"]
[BlackClock "0:00:14"]

1. Nf3 Nf6 2. e3 g6 3. b3 Bg7 4. Bb2 d6 5. c4 e5 6. d4 Nc6 7. Be2 O-O 8. O-O Qe7 9. Nc3 a6 10. Nd5 Nxd5 11. cxd5 Nd8 12. dxe5 dxe5 13. a4 Bg4 14. Ba3 Qd7 15. Bxf8 Kxf8 16. Nxe5 Bxe5 17. Bxg4 f5 18. Bf3 Nf7 19. Rc1 Rd8 20. Qc2 Bd6 21. Qc3 Kg8 22. e4 f4 23. h3 Ne5 24. Bg4 Nxg4 25. hxg4 Qxg4 26. e5 f3 27. Qxf3 Qxf3 28. gxf3 Bxe5 29. Rfe1 Bd6 30. Kg2 Rf8 31. Re6 Rf4 32. Rc4 Rf5 33. Rd4 a5 34. Re8+ Kf7 35. Rh8 Kg7 36. Rd8 b6 37. Rd3 h5 38. Re8 Kf7 39. Re4 Kf6 40. Kf1 Kf7 41. Ke2 Kf6 42. Kd2 Kf7 43. Kc3 Kf6 44. Kc4 g5 45. Re6+ Kg7 46. Kd4 h4 47. Ke4 Rf4+ 48. Ke3 h3 49. Rd1 h2 50. Rh1 Rb4 51. f4 Bxf4+ 52. Kf3 Rxb3+ 53. Kg4 Rb4 54. Kf5 Kf7 55. Rh6 Rxa4 56. Rh7+ Kf8 57. Kf6 Ke8 58. Re7+ Kd8 59. Ree1 Kc8 60. Ke6 Kb7 61. Rd1 Bd6 62. Kf5 Rf4+ 63. Kxg5 Rxf2 64. Kg4 a4 65. Ra1 a3 66. Kh3 a2 67. Rhf1 Rd2 68. Rfd1 Rxd1 69. Rxd1 Be5 70. Kg2 a1=Q 71. Rxa1 Bxa1 72. Kxh2 Be5+ 73. Kg2 Bd6 74. Kf3 Ka6 75. Ke4 Ka5 76. Kd3 Ka4 77. Kc3 Ka3 78. Kc2 b5 79. Kc3 b4+ 80. Kc2 Ka2 81. Kc1 b3 82. Kd2 b2 83. Kc3 b1=Q 84. Kc4 Qb3+ 85. Kd4 Ka3 86. Ke4 Kb4 87. Kf5 Kc5 88. Ke6 Qxd5+ 89. Kd7 Kd4 90. Kc8 c5 91. Kd7 c4 92. Kd8 c3 93. Kd7 c2 94. Ke8 c1=Q 95. Kd8 Qc7+ 96. Ke8 Qg8# 0-1


[Site "https://www.chess.com"]

[Event "Titled Tuesday Blitz November 22 Early 2022"]
[White "Goriatchkin, Jouri"]
[Black "Avazkhonov, Alikhon"]
[WhiteFideId "4120183"]
[BlackFideId "14208504"]
[WhiteElo "1929"]
[BlackElo "1739"]
[Result "0-1"]
[Round "08"]
[TimeControl "180+1"]
[Date "2022.11.23"]
[WhiteClock "0:00:04"]
[BlackClock "0:00:17"]

1. d4 Nf6 2. Bg5 Ne4 3. Bf4 c5 4. f3 Qa5+ 5. c3 Nf6 6. Nd2 Nc6 7. d5 Nd8 8. Nc4 Qa6 9. e4 b5 10. Na3 c4 11. Ne2 e6 12. d6 Nb7 13. Nd4 Nxd6 14. Bxd6 Qxd6 15. Naxb5 Qc5 16. Qa4 Be7 17. Qxc4 O-O 18. Qxc5 Bxc5 19. Be2 a6 20. Nb3 Be3 21. N5d4 d6 22. Nc2 Bb6 23. O-O-O Rd8 24. Ncd4 Bb7 25. Bd3 a5 26. Bc2 a4 27. Nd2 a3 28. b3 d5 29. e5 Nd7 30. f4 Rac8 31. N2f3 Rxc3 32. Rd3 Rxd3 33. Bxd3 Rc8+ 34. Kb1 Nc5 35. Be2 Ne4 36. Ka1 Nc3 37. Bd3 Ne4 38. Bxe4 dxe4 39. Nb5 exf3 40. gxf3 Ba6 41. Nd6 Bd4+ 42. Kb1 Bd3# 0-1


[Site "https://www.chess.com"]

[Event "Titled Tuesday Blitz November 22 Early 2022"]
[White "Goroshkov, Maksym"]
[Black "Osinovsky, Stepan"]
[WhiteFideId "14142716"]
[BlackFideId "4157354"]
[WhiteElo "2257"]
[BlackElo "2222"]
[Result "1-0"]
[Round "08"]
[TimeControl "180+1"]
[Date "2022.11.23"]
[WhiteClock "0:00:19"]
[BlackClock "0:00:01"]

1. e4 e5 2. d4 exd4 3. c3 d5 4. exd5 Qxd5 5. cxd4 Nc6 6. Nf3 Bg4 7. Be2 O-O-O 8. Nc3 Qh5 9. O-O Bd6 10. h3 Nf6 11. hxg4 Nxg4 12. Nh4 Qxh4 13. Bxg4+ Kb8 14. Bh3 f5 15. Re1 g5 16. Bxf5 Qh2+ 17. Kf1 Bb4 18. Be3 Rhe8 19. Ne4 Bxe1 20. Qxe1 Nxd4 21. Bxd4 Rxd4 22. f3 h5 23. Qc3 Red8 24. Re1 g4 25. Nf2 1-0


[Site "https://www.chess.com"]

[Event "Titled Tuesday Blitz November 22 Early 2022"]
[White "Grandelius, Nils"]
[Black "Jones, Gawain C B"]
[WhiteFideId "1710400"]
[BlackFideId "409561"]
[WhiteElo "2617"]
[BlackElo "2657"]
[Result "1/2-1/2"]
[Round "08"]
[TimeControl "180+1"]
[Date "2022.11.22"]
[WhiteClock "0:00:07"]
[BlackClock "0:00:04"]

1. Nf3 Nf6 2. d4 g6 3. Nbd2 d5 4. c4 dxc4 5. Nxc4 Bg7 6. g3 O-O 7. Bg2 Nc6 8. O-O Be6 9. b3 Ne4 10. Bb2 Nb4 11. Nfe5 Bd5 12. a3 Nc6 13. Qc2 f5 14. Rad1 Nf6 15. Nxc6 bxc6 16. Ne5 Bxg2 17. Kxg2 Qd5+ 18. Kg1 Kh8 19. Nxc6 f4 20. Ne5 Qe6 21. b4 Nh5 22. Qc6 Qb3 23. Qc3 Qe6 24. d5 Qd6 25. g4 Nf6 26. Qc6 Nxg4 27. Qxd6 exd6 28. Nxg4 Bxb2 29. Rd3 a5 30. h3 Rfb8 31. Rb3 Bg7 32. Rc1 axb4 33. Rxb4 Rxb4 34. axb4 Ra7 35. Rc4 Rb7 36. Rxf4 Kg8 37. Re4 Kf7 38. Ne3 Bh6 39. Kg2 Bxe3 40. fxe3 Rb5 41. Rd4 Kf6 42. Kf3 Ke5 43. Rc4 Kxd5 44. Rxc7 Rxb4 45. Rxh7 Ke5 46. Rg7 Kf6 47. Rd7 Ke6 48. Rd8 Rh4 49. Kg3 Ra4 50. Re8+ Kf7 51. Rd8 Ke7 52. Rb8 Ke6 53. Rb5 Ra3 54. Kf3 Ra4 55. Rg5 Kf6 56. Rg4 Ra1 57. Rd4 Ke5 58. h4 Rf1+ 59. Kg2 Re1 60. Kf2 Rh1 61. Rg4 Kf5 62. Rg5+ Kf6 63. Rg4 Rh2+ 64. Kf3 Kf5 65. Rg5+ Kf6 66. Rg4 Kf5 67. e4+ Kf6 68. Ke3 Kf7 69. Kd4 Rxe2 70. Rf4+ Ke6 71. Rg4 1/2-1/2


[Site "https://www.chess.com"]

[Event "Titled Tuesday Blitz November 22 Early 2022"]
[White "Han, Yichen"]
[Black "Przybylski, Wojciech"]
[WhiteFideId "1054430"]
[BlackFideId "1117599"]
[WhiteElo "2323"]
[BlackElo "2221"]
[Result "1-0"]
[Round "08"]
[TimeControl "180+1"]
[Date "2022.11.23"]
[WhiteClock "0:00:13"]
[BlackClock "0:00:07"]

1. e4 e5 2. Nf3 Nc6 3. Bc4 Nf6 4. O-O Be7 5. d4 d6 6. Nc3 O-O 7. h3 h6 8. Re1 a6 9. a4 Nxd4 10. Nxd4 exd4 11. Qxd4 c6 12. Bf4 a5 13. Rad1 Ne8 14. Bb3 Be6 15. Bxe6 fxe6 16. Bg3 e5 17. Qc4+ Kh7 18. Bxe5 Qb6 19. Bd4 Qc7 20. e5 d5 21. Qd3+ Kg8 22. Qg3 Bg5 23. Be3 Qe7 24. Bxg5 hxg5 25. Ne2 Nc7 26. Nd4 Rf4 27. c3 Raf8 28. Re2 c5 29. Nf3 R8f5 30. e6 Nxe6 31. Rde1 Re4 32. Rxe4 dxe4 33. Rxe4 Qf6 34. Qb8+ Kh7 35. Qxb7 Nf4 36. Re7 Ng6 37. Rc7 Rf4 38. Qd5 Rf5 39. Qd7 Nf4 40. Rc6 Qf8 41. Rc8 Qf6 42. Qe8 Nxh3+ 43. gxh3 g4 44. Qh8+ Kg6 45. Nh4+ Kg5 46. Nxf5 Qxf5 47. Qxg7+ Kf4 48. Qxg4+ 1-0


[Site "https://www.chess.com"]

[Event "Titled Tuesday Blitz November 22 Early 2022"]
[White "Hartikainen, Jarmo"]
[Black "Vifleemskaia, Svetlana"]
[WhiteFideId "503134"]
[BlackFideId "4129490"]
[WhiteElo "2198"]
[BlackElo "1929"]
[Result "1-0"]
[Round "08"]
[TimeControl "180+1"]
[Date "2022.11.23"]
[WhiteClock "0:00:19"]
[BlackClock "0:00:02"]

1. e4 e5 2. Nf3 Nc6 3. Bc4 Nf6 4. Ng5 d5 5. exd5 Na5 6. Bb5+ c6 7. dxc6 bxc6 8. Bd3 Ng4 9. Nf3 Bc5 10. O-O f5 11. Qe2 e4 12. Bc4 Nxc4 13. Qxc4 Qe7 14. d4 exf3 15. Qxc5 fxg2 16. Qxe7+ Kxe7 17. Kxg2 Ba6 18. Re1+ Kf7 19. Bd2 Rad8 20. Bc3 Nf6 21. Nd2 Nd5 22. Re5 g6 23. Rae1 Rhe8 24. Nf3 Nxc3 25. Ng5+ Kf6 26. Rxe8 Rxe8 27. Rxe8 Nxa2 28. Nxh7+ Kg7 29. Ng5 Kf6 30. Nf3 Nb4 31. c3 Nd3 32. Ra8 Nxb2 33. Rxa7 Bb5 34. Ne5 Nd1 35. Rf7+ Ke6 36. Rf8 Nxc3 37. Nxg6 1-0


[Site "https://www.chess.com"]

[Event "Titled Tuesday Blitz November 22 Early 2022"]
[White "Heinemann, Josefine"]
[Black "Savic, Miroslav"]
[WhiteFideId "12900460"]
[BlackFideId "14508494"]
[WhiteElo "2300"]
[BlackElo "2209"]
[Result "1-0"]
[Round "08"]
[TimeControl "180+1"]
[Date "2022.11.23"]
[WhiteClock "0:00:59"]
[BlackClock "0:00:08"]

1. Nf3 Nf6 2. g3 c6 3. Bg2 d5 4. O-O g6 5. d3 Bg7 6. c4 O-O 7. Nc3 a6 8. cxd5 cxd5 9. Bf4 d4 10. Na4 Nc6 11. Rc1 Nd5 12. Bd2 e5 13. Nc5 h6 14. Qb3 Nce7 15. Nxb7 Bxb7 16. Qxb7 Rb8 17. Qxa6 Rxb2 18. a4 Qa8 19. Qxa8 Rxa8 20. a5 Nc3 21. Rfe1 Rxa5 22. Rxc3 dxc3 23. Bxc3 Raa2 24. Bxb2 Rxb2 25. Kf1 Nf5 26. h4 Nd4 27. Nxd4 exd4 28. Rc1 Rb8 29. Bf3 Rd8 30. Rc7 Kf8 31. Bc6 Be5 32. Rb7 Rb8 33. Ra7 Kg7 34. Bd5 Rf8 35. Kg2 g5 36. h5 Kf6 37. Kf3 1-0


[Site "https://www.chess.com"]

[Event "Titled Tuesday Blitz November 22 Early 2022"]
[White "Hoffmann, Asa"]
[Black "Aizpurua, Patrick Emilio"]
[WhiteFideId "2001470"]
[BlackFideId "6600522"]
[WhiteElo "2117"]
[BlackElo "2378"]
[Result "0-1"]
[Round "08"]
[TimeControl "180+1"]
[Date "2022.11.23"]
[WhiteClock "0:01:04"]
[BlackClock "0:01:57"]

1. d4 Nf6 2. Bg5 d5 3. Nd2 Qd6 4. e3 e5 5. Ngf3 e4 6. Ne5 Nbd7 7. Bf4 Qb6 8. b3 Bb4 9. a3 Bc3 10. Ra2 c5 11. dxc5 Qxc5 12. Nxd7 Bxd7 13. Be2 Qa5 14. Bd6 Rc8 15. b4 Qb6 16. Bc5 Rxc5 17. bxc5 Qa5 18. a4 O-O 19. Ra3 Qxc5 20. Rb3 Bxa4 21. Rxb7 Qa5 22. Rb1 Rc8 23. Ra1 g6 24. O-O Bxd2 25. Rxa4 Qxa4 26. Qxd2 Rxc2 27. Qd4 Qxd4 0-1


[Site "https://www.chess.com"]

[Event "Titled Tuesday Blitz November 22 Early 2022"]
[White "Hon, Eric"]
[Black "Castillo Pena, Patricia Evarista"]
[WhiteFideId "2097117"]
[BlackFideId "6412106"]
[WhiteElo "1918"]
[BlackElo "1919"]
[Result "1-0"]
[Round "08"]
[TimeControl "180+1"]
[Date "2022.11.23"]
[WhiteClock "0:00:14"]
[BlackClock "0:00:18"]

1. e4 c5 2. Nf3 d6 3. d4 cxd4 4. Nxd4 Nf6 5. Nc3 a6 6. Be3 e5 7. Nf3 Be7 8. a4 Be6 9. Be2 Nbd7 10. Ng5 O-O 11. Nxe6 fxe6 12. O-O Rc8 13. Bg4 Nxg4 14. Qxg4 Nf6 15. Qxe6+ Kh8 16. Rad1 Rxc3 17. bxc3 Nxe4 18. Rb1 Nxc3 19. Rxb7 Bf6 20. Kh1 d5 21. Bc5 Re8 22. Qd7 Nxa4 23. Qxa4 Qc8 24. Rfb1 d4 25. Rc7 Qa8 26. Ra7 Qc8 27. Rbb7 Rd8 28. Rc7 Qg4 29. f3 Qf4 30. Qa1 e4 31. fxe4 Qxe4 32. Rd7 Rc8 33. Bxd4 Bxd4 34. Rxd4 Qxc2 35. Rd1 Qg6 36. Rad7 Rf8 37. Rg1 h6 38. Rdd1 Rf2 39. Rdf1 Rc2 40. Qd1 a5 41. Qf3 a4 42. Qf5 Qxf5 43. Rxf5 a3 44. Ra5 a2 45. h3 Kh7 46. Kh2 Kg6 47. Ra1 h5 48. R1xa2 Rc3 49. Ra6+ Kg5 50. R2a5+ Kf4 51. Ra4+ Ke3 52. Re6+ Kf2 53. Rf4+ 1-0


[Site "https://www.chess.com"]

[Event "Titled Tuesday Blitz November 22 Early 2022"]
[White "Ibadov, Dashgyn"]
[Black "Goryachkina, Aleksandra"]
[WhiteFideId "24107514"]
[BlackFideId "4147103"]
[WhiteElo "2208"]
[BlackElo "2484"]
[Result "0-1"]
[Round "08"]
[TimeControl "180+1"]
[Date "2022.11.23"]
[WhiteClock "0:00:03"]
[BlackClock "0:00:14"]

1. e4 e6 2. d4 d5 3. Nc3 Bb4 4. e5 Ne7 5. a3 Bxc3+ 6. bxc3 c5 7. h4 Qc7 8. h5 h6 9. Rb1 b6 10. Qg4 cxd4 11. Qxg7 Rg8 12. Qxh6 Qxe5+ 13. Ne2 dxc3 14. Bf4 Qe4 15. f3 Qxc2 16. Rc1 Qb2 17. Rxc3 Nbc6 18. Qf6 d4 19. Rxc6 Nxc6 20. h6 Qb1+ 21. Kf2 Qh7 22. Nxd4 Rg6 23. Qh4 Nxd4 24. Bc7 Nc6 25. Bd3 Bd7 26. Be4 Rc8 27. Bd6 f5 28. Bxf5 exf5 29. Re1+ Be6 0-1


[Site "https://www.chess.com"]

[Event "Titled Tuesday Blitz November 22 Early 2022"]
[White "Indjic, Aleksandar"]
[Black "Movahed, Sina"]
[WhiteFideId "911925"]
[BlackFideId "42520835"]
[WhiteElo "2592"]
[BlackElo "2225"]
[Result "1-0"]
[Round "08"]
[TimeControl "180+1"]
[Date "2022.11.22"]
[WhiteClock "0:00:10"]
[BlackClock "0:00:06"]

1. e4 c5 2. Nf3 d6 3. d4 cxd4 4. Nxd4 Nf6 5. Nc3 g6 6. Be3 a6 7. h3 b5 8. a4 b4 9. Nd5 Nxd5 10. exd5 Bb7 11. Bc4 Bg7 12. Qd2 Nd7 13. Qxb4 Rb8 14. Qd2 O-O 15. a5 Qc7 16. Ba2 Ne5 17. c4 Rfc8 18. b3 Qd8 19. O-O Nd7 20. Rac1 Nc5 21. b4 Ne4 22. Qd3 Nf6 23. Bd2 Nd7 24. f4 Ba8 25. Rce1 Rc7 26. Kh1 Nf6 27. Re2 Nh5 28. Kh2 Qc8 29. g4 Nf6 30. Rfe1 Qd8 31. Bb3 Rbc8 32. Kg3 Nd7 33. Nf3 Rb8 34. g5 Rcb7 35. Rxe7 Ne5 36. R7xe5 dxe5 37. fxe5 Rxb4 38. Bxb4 Rxb4 39. h4 Qxa5 40. Re3 Qb6 41. h5 a5 42. Bc2 a4 43. e6 fxe6 44. Rxe6 Qc7+ 45. d6 Qf7 46. Re7 Qf8 47. hxg6 Rb8 48. gxh7+ Kh8 49. Nh4 1-0


[Site "https://www.chess.com"]

[Event "Titled Tuesday Blitz November 22 Early 2022"]
[White "Jimenez Almeida, Luis David"]
[Black "Kopylov, Alexander A."]
[WhiteFideId "22242244"]
[BlackFideId "4164857"]
[WhiteElo "2158"]
[BlackElo "2436"]
[Result "0-1"]
[Round "08"]
[TimeControl "180+1"]
[Date "2022.11.23"]
[WhiteClock "0:00:45"]
[BlackClock "0:01:16"]

1. e4 e5 2. Nf3 Nc6 3. Bb5 a6 4. Ba4 d6 5. O-O Bd7 6. c3 Nf6 7. Re1 g6 8. d3 Bg7 9. Nbd2 O-O 10. Nf1 Nh5 11. a3 Qe8 12. Bb3 Kh8 13. d4 f5 14. exf5 gxf5 15. dxe5 dxe5 16. Ng5 Nf6 17. Ng3 Rd8 18. Qe2 h6 19. Nf3 e4 20. Nh4 Ne7 21. Bf4 Nfd5 22. Nh5 Nxf4 23. Nxf4 Bf6 24. g3 Bxh4 25. gxh4 Ng6 26. Qh5 Kh7 27. Nh3 Qe7 28. Rad1 Qxh4 29. Qxh4 Nxh4 30. Nf4 Nf3+ 0-1


[Site "https://www.chess.com"]

[Event "Titled Tuesday Blitz November 22 Early 2022"]
[White "Kamsky, Gata"]
[Black "Keymer, Vincent"]
[WhiteFideId "2000024"]
[BlackFideId "12940690"]
[WhiteElo "2666"]
[BlackElo "2600"]
[Result "1-0"]
[Round "08"]
[TimeControl "180+1"]
[Date "2022.11.22"]
[WhiteClock "0:00:18"]
[BlackClock "0:00:04"]

1. e4 c6 2. d4 d5 3. e5 Bf5 4. Nf3 e6 5. Be2 c5 6. Be3 Qb6 7. Nc3 Nc6 8. Na4 Qa5+ 9. c3 c4 10. O-O b5 11. Nc5 Bxc5 12. dxc5 Nge7 13. b4 Qa3 14. Qc1 Qxc1 15. Rfxc1 Kd7 16. a4 a6 17. Nd4 Nxd4 18. Bxd4 Nc6 19. f4 Nxd4 20. cxd4 a5 21. axb5 axb4 22. Rxa8 Rxa8 23. Bxc4 dxc4 24. Rxc4 b3 25. Rb4 Ra1+ 26. Kf2 Ra2+ 27. Ke3 b2 28. c6+ Kc7 29. b6+ Kxc6 30. b7 Ra3+ 31. Kf2 b1=Q 32. Rxb1 Bxb1 33. b8=Q Ra2+ 34. Ke3 Bg6 35. Qc8+ Kb6 36. g4 Ra3+ 37. Kf2 Ra2+ 38. Kg3 Ra3+ 39. Kh4 Rd3 40. Qc5+ Ka6 41. h3 Re3 42. d5 Rf3 43. Qc4+ Kb6 44. d6 Rd3 45. f5 Rd5 46. fxg6 fxg6 47. Qc7+ Kb5 48. d7 1-0


[Site "https://www.chess.com"]

[Event "Titled Tuesday Blitz November 22 Early 2022"]
[White "Kilic, Eray"]
[Black "Malyi, Viacheslav"]
[WhiteFideId "44517173"]
[BlackFideId "14123983"]
[WhiteElo "2328"]
[BlackElo "2291"]
[Result "1-0"]
[Round "08"]
[TimeControl "180+1"]
[Date "2022.11.23"]
[WhiteClock "0:02:35"]
[BlackClock "0:02:37"]

1. e4 e5 2. Nf3 Nc6 3. Bb5 a6 4. Ba4 Nf6 5. O-O b5 6. Bb3 Bc5 7. c3 d6 8. d4 Bb6 9. a4 Rb8 10. a5 Ba7 11. Re1 O-O 12. h3 Re8 13. Bg5 h6 14. Bh4 g5 15. Bg3 Nh5 16. Nxe5 dxe5 17. Qxh5 Qf6 18. Nd2 exd4 19. e5 Nxe5 20. Rxe5 Rxe5 21. Bxe5 Qxe5 22. Qxf7+ Kh8 23. Qg8# 1-0


[Site "https://www.chess.com"]

[Event "Titled Tuesday Blitz November 22 Early 2022"]
[White "Kiseljova, Marya"]
[Black "Pinheiro, Iung Alicio de O."]
[WhiteFideId "4155009"]
[BlackFideId "2104350"]
[WhiteElo "1907"]
[BlackElo "2283"]
[Result "0-1"]
[Round "08"]
[TimeControl "180+1"]
[Date "2022.11.23"]
[WhiteClock "0:00:04"]
[BlackClock "0:00:41"]

1. d4 Nf6 2. c4 g6 3. Nc3 Bg7 4. e4 d6 5. Be2 O-O 6. Bg5 a6 7. Qd2 Nbd7 8. Nf3 c5 9. d5 b5 10. cxb5 Qa5 11. bxa6 Nb6 12. O-O Bxa6 13. Bxa6 Qxa6 14. Qc2 h6 15. Bf4 Rfb8 16. Nd2 Ng4 17. Rab1 Na4 18. h3 g5 19. Bxg5 hxg5 20. hxg4 Nxc3 21. bxc3 Rxb1 22. Rxb1 Qxa2 23. Rb8+ Kh7 24. Qxa2 Rxa2 25. Nf3 Kg6 26. Rb7 Bf6 27. Rc7 Rc2 28. e5 dxe5 29. Rxc5 e4 30. Nd4 Rc1+ 31. Kh2 Rf1 32. f3 Be5+ 33. g3 exf3 34. Rc6+ f6 35. Nf5 Rd1 36. c4 f2 37. Ne3 Re1 38. Kg2 Rxe3 39. Kxf2 Rc3 40. Rc7 Bxc7 0-1


[Site "https://www.chess.com"]

[Event "Titled Tuesday Blitz November 22 Early 2022"]
[White "Kleiman, Jake"]
[Black "Jumabayev, Rinat"]
[WhiteFideId "2020041"]
[BlackFideId "13702661"]
[WhiteElo "2591"]
[BlackElo "2561"]
[Result "0-1"]
[Round "08"]
[TimeControl "180+1"]
[Date "2022.11.22"]
[WhiteClock "0:00:16"]
[BlackClock "0:00:06"]

1. e4 c6 2. Nc3 d5 3. Nf3 Bg4 4. h3 Bxf3 5. Qxf3 e6 6. a3 Bc5 7. g3 Nf6 8. Bg2 Nbd7 9. O-O Qc7 10. d3 h6 11. Kh1 a5 12. Qe2 dxe4 13. dxe4 e5 14. f4 O-O 15. f5 Rad8 16. g4 Nh7 17. h4 Be7 18. Qf2 Nb6 19. Qg3 Rd6 20. g5 hxg5 21. hxg5 Qd8 22. f6 Nxf6 23. gxf6 Bxf6 24. Bh6 Re8 25. Rad1 Nc4 26. Bc1 Qe7 27. Rxd6 Nxd6 28. b3 Rd8 29. a4 Ne8 30. Qe3 g6 31. Rd1 Rxd1+ 32. Nxd1 Ng7 33. Bd2 Qd8 34. Qd3 Qc7 35. Qc3 b6 36. Ne3 Ne6 37. Qd3 Nf4 38. Qf1 Qd7 39. Nc4 Nh5 40. Qe1 b5 41. axb5 cxb5 42. Nxa5 Qg4 43. Be3 Bh4 44. Qd2 Bg3 45. Kg1 Qh4 46. Kf1 Bf4 47. Bxf4 exf4 48. Qf2 Ng3+ 49. Kg1 Qh5 50. Qf3 Qc5+ 51. Kh2 Qe5 52. Nc6 Qg5 53. e5 Nh5 54. Kg1 Qh4 55. Nd4 Qe1+ 56. Bf1 Qd2 57. Ne2 Qxc2 58. Nxf4 Qc5+ 59. Kg2 Qc2+ 60. Ne2 Qb2 61. Qe3 Ng7 62. Kf2 Ne6 63. Qc3 Qa2 64. Bg2 Qa7+ 65. Kf1 Qa2 66. Bd5 Ng5 67. Qc8+ Kg7 68. Qc3 Qb1+ 69. Kf2 Qf5+ 70. Ke3 Qg4 71. e6+ f6 72. Qc7+ Kh6 73. Qh2+ Kg7 74. Qf4 Qh3+ 75. Kd2 Nxe6 76. Bxe6 Qxe6 77. Kc2 Qxe2+ 78. Kc3 Qe5+ 79. Qxe5 fxe5 80. Kb4 g5 81. Kxb5 g4 82. Kc6 g3 83. b4 g2 0-1


[Site "https://www.chess.com"]

[Event "Titled Tuesday Blitz November 22 Early 2022"]
[White "Koridze, Lile"]
[Black "Kulkarni, Vikramaditya"]
[WhiteFideId "13612514"]
[BlackFideId "5009847"]
[WhiteElo "2050"]
[BlackElo "2273"]
[Result "0-1"]
[Round "08"]
[TimeControl "180+1"]
[Date "2022.11.23"]
[WhiteClock "0:00:02"]
[BlackClock "0:00:04"]

1. d4 d6 2. Nf3 Nf6 3. c4 g6 4. Nc3 Bg7 5. e4 O-O 6. Be2 Na6 7. O-O c6 8. d5 Nc5 9. Qc2 a5 10. Be3 Bg4 11. Bxc5 dxc5 12. dxc6 bxc6 13. Na4 Nd7 14. Rfd1 Qc7 15. Rab1 Bxf3 16. Bxf3 Bd4 17. a3 Ne5 18. Be2 Rfd8 19. g3 Qd6 20. Kg2 Qe6 21. b3 h5 22. h4 Ng4 23. Bxg4 hxg4 24. Qe2 Rab8 25. Rd3 Rd6 26. e5 Bxe5 27. Nxc5 Qf5 28. Rbd1 Rbd8 29. Ne4 Rd4 30. Rxd4 Rxd4 31. Rxd4 Bxd4 32. Nd2 Bc5 33. a4 Kg7 34. Ne4 Bd4 35. Ng5 Bf6 36. Ne4 Be5 37. Nc5 Bd6 38. Ne4 Bb4 39. Ng5 Ba3 40. Ne4 f6 41. Nc3 Kf7 42. Ne4 Bb4 43. Qd3 Qe6 44. Qe2 Kg7 45. Qd3 Qf5 46. Qe2 Qd7 47. Qe3 Qe6 48. Qd3 Qe5 49. Qe3 f5 50. Ng5 Qxe3 51. fxe3 Kf6 52. e4 Bd2 53. exf5 gxf5 54. Nh7+ Kg7 55. Ng5 Bxg5 56. hxg5 c5 57. Kf2 Kg6 58. Ke3 Kxg5 59. b4 cxb4 60. c5 b3 61. c6 b2 62. c7 b1=Q 63. c8=Q Qe1+ 64. Kd3 Qxg3+ 65. Ke2 Qf3+ 66. Ke1 Qe4+ 67. Kf1 Qd3+ 68. Ke1 Qe3+ 69. Kf1 Qf3+ 70. Ke1 Qh1+ 71. Kf2 Qh2+ 72. Kf1 Qf4+ 73. Ke2 Qd6 74. Qg8+ Kf4 75. Qc4+ Kg3 76. Qc3+ Kh4 77. Qh8+ Kg5 78. Qg7+ Kf4 79. Qc3 Qe5+ 0-1


[Site "https://www.chess.com"]

[Event "Titled Tuesday Blitz November 22 Early 2022"]
[White "Kosakowski, Jakub"]
[Black "Andreikin, Dmitry"]
[WhiteFideId "1185080"]
[BlackFideId "4158814"]
[WhiteElo "2463"]
[BlackElo "2736"]
[Result "1-0"]
[Round "08"]
[TimeControl "180+1"]
[Date "2022.11.22"]
[WhiteClock "0:00:07"]
[BlackClock "0:00:04"]

1. e4 c5 2. Nf3 e6 3. d4 cxd4 4. Nxd4 Nc6 5. Nc3 Qc7 6. Be3 a6 7. Qf3 Nf6 8. O-O-O Rb8 9. Be2 Bb4 10. e5 Nxe5 11. Qg3 O-O 12. Bh6 g6 13. Bxf8 Bxf8 14. Nf3 d6 15. Nxe5 dxe5 16. h4 b5 17. Bf3 Bh6+ 18. Kb1 Bf4 19. Qh3 b4 20. Ne4 Nd5 21. h5 Nc3+ 22. bxc3 bxc3+ 23. Ka1 Rb2 24. hxg6 h6 25. gxf7+ Kf8 26. Qh4 Bd7 27. Rxd7 Qxd7 28. Nxc3 Rxc2 29. Rd1 Bd2 30. Qxh6+ Bxh6 31. Rxd7 Rxc3 32. Bh5 Rc8 33. Ra7 e4 34. Kb2 Kg7 35. Rxa6 Rc5 36. Bg4 Kxf7 37. Bxe6+ Ke7 38. Bb3 Bg7+ 39. Kb1 Be5 40. Ra4 e3 41. fxe3 Rc3 42. Re4 Kf6 43. g4 Bd6 44. Re6+ Kg5 45. Rxd6 Rxe3 46. Kb2 Kxg4 47. a4 Kf4 48. a5 Re5 49. Rd4+ Ke3 50. Rd5 Re7 51. Ka3 Ke4 52. Kb4 Rb7+ 53. Rb5 Ra7 54. Kc5 Ra8 55. Bd5+ 1-0


[Site "https://www.chess.com"]

[Event "Titled Tuesday Blitz November 22 Early 2022"]
[White "Kovacevic, Radmila"]
[Black "Muminova, Nafisa"]
[WhiteFideId "933171"]
[BlackFideId "14201526"]
[WhiteElo "2208"]
[BlackElo "2258"]
[Result "1-0"]
[Round "08"]
[TimeControl "180+1"]
[Date "2022.11.23"]
[WhiteClock "0:00:16"]
[BlackClock "0:00:02"]

1. e4 e6 2. d3 d5 3. Qe2 Be7 4. Nf3 Nc6 5. c3 dxe4 6. dxe4 Nf6 7. e5 Nd5 8. g3 O-O 9. Bg2 b6 10. O-O a5 11. h4 Ba6 12. Qd1 Bxf1 13. Bxf1 Qb8 14. a4 Rd8 15. Qc2 Qb7 16. Bd3 h6 17. Nbd2 Bc5 18. Ne4 Bf8 19. Bd2 Nde7 20. Re1 Nf5 21. g4 Nfe7 22. Bc4 Rd7 23. Bxh6 Rad8 24. Nfg5 Ng6 25. Nxe6 Ncxe5 26. Nxd8 Rxd8 27. Bxf7+ Kxf7 28. Ng5+ Kg8 29. Rxe5 Qc6 30. Qb3+ Kh8 31. Nf7+ Kh7 32. Nxd8 Qf3 33. Re3 Qxg4+ 34. Rg3 Qxh4 35. Bg5 Qh5 36. Qc2 Bd6 37. Rg2 Kg8 38. Qb3+ Kh7 39. Nf7 Ne7 40. Nxd6 cxd6 41. Bxe7 1-0


[Site "https://www.chess.com"]